 Dungeon Crawl Stone Soup version 0.21.0-24-g2553a33 (webtiles) character file.

11809 loralnil the Blocker (level 12, -2/101 HPs)
             Began as a Formicid Fighter on Jan 22, 2018.
             Was a Priest of Yredelemnul.
             Slain by an eight-headed hydra (7 damage)
             ... on level 11 of the Dungeon.
             The game lasted 00:16:10 (10649 turns).

loralnil the Blocker (Formicid Fighter)            Turns: 10649, Time: 00:16:10

Health: -2/101     AC: 15    Str: 26    XL:     12   Next: 12%
Magic:  12/12      EV:  7    Int:  8    God:    Yredelemnul [***...]
Gold:   541        SH: 16    Dex: 10    Spells: 11/11 levels left

rFire    . . .     SeeInvis +   z - +3 battleaxe (chop)
rCold    + . .     Gourm    .   c - +3 shield
rNeg     . . .     Faith    +   B - +0 plate armour
rPois    .         Spirit   .   (helmet unavailable)
rElec    .         Reflect  .   (no cloak)
rCorr    +         Harm     .   (no gloves)
MR       ++...     Clarity  +   (no boots)
Stlth    ..........             h - amulet of faith
HPRegen  0.26/turn              m - ring of protection from magic
MPRegen  0.13/turn              o - ring of resist corrosion

@: no status effects
A: permanent stasis, dig shafts and tunnels, four strong arms, antennae 3,
rugged brown scales 1, clarity, cold resistance 1
a: Dig, Shaft Self, Recall Undead Slaves, Injury Mirror, Animate Dead, Renounce
Religion


You were on level 11 of the Dungeon.
You worshipped Yredelemnul.
Yredelemnul was most pleased with you.
You were not hungry.

You visited 2 branches of the dungeon, and saw 12 of its levels.
You also visited: Ossuary.

You collected 541 gold pieces.

Inventory:

Hand Weapons
 z - a +3 battleaxe of chopping (weapon)
Armour
 c - a +3 shield (worn)
 B - a +0 plate armour (worn)
Jewellery
 h - an amulet of faith (around neck)
 m - a ring of protection from magic (left hand)
 o - a ring of resist corrosion (right hand)
Wands
 e - a wand of scattershot (5)
 g - a wand of acid (16)
 i - a wand of disintegration (14)
 D - a wand of digging (14)
Scrolls
 a - a scroll of holy word {unknown}
 j - a scroll of amnesia
 l - 6 scrolls of remove curse
 r - 4 scrolls of immolation
 s - a scroll of magic mapping {unknown}
 y - 2 scrolls of vulnerability {unknown}
 A - a scroll of noise
 C - 2 scrolls of fog {unknown}
Potions
 b - a potion of resistance
 d - 2 potions of ambrosia {unknown}
 k - 9 potions of curing
 n - a potion of invisibility
 q - a potion of flight
 t - 4 potions of lignification
 u - 3 potions of heal wounds {unknown}
 v - a potion of haste {unknown}
 w - 2 potions of agility {unknown}
 x - 3 potions of brilliance {unknown}
Comestibles
 f - 19 rations
 p - 5 chunks of flesh


   Skills:
 + Level 10.6 Fighting
 + Level 9.5 Axes
 + Level 10.7 Armour
 + Level 11.5 Shields


You had 11 spell levels left.
You didn't know any spells.

Dungeon Overview and Level Annotations

Branches:
Dungeon (11/15)            Temple (1/1) D:5            Lair (0/6) D:9
    Orc: D:9-12

Altars:
Ashenzari
Cheibriados
Dithmenos
Elyvilon
Fedhas
Gozag
Hepliaklqana
Kikubaaqudgha
Makhleb
Nemelex Xobeh
Okawaru
Qazlal
Ru
Sif Muna
Trog
Uskayaw
Vehumet
Wu Jian
Xom
Yredelemnul
Zin
The Shining One


Innate Abilities, Weirdness & Mutations

You cannot be hasted, slowed, berserked, paralysed or teleported.
You can dig through walls and to a lower floor.
Your four strong arms can wield two-handed weapons with a shield.
You have a pair of large antennae on your head. (SInv)
You are partially covered in rugged brown scales. (AC +1, +3% HP)
You possess an exceptional clarity of mind.
Your flesh is cold resistant. (rC+)


Message History

The eight-headed hydra bites you but does no damage.
You block the eight-headed hydra's attack.
The eight-headed hydra bites you but does no damage. x2
You block the eight-headed hydra's attack. x2
The eight-headed hydra barely misses you.
The eight-headed hydra bites you but does no damage.
Okay, then.
Are you sure you want to shaft yourself?
You feel quite a bit more hungry. The eight-headed hydra bites you!
* * * LOW HITPOINT WARNING * * *
You block the eight-headed hydra's attack.
The eight-headed hydra bites you but does no damage.
The eight-headed hydra barely misses you.
The eight-headed hydra bites you!
* * * LOW HITPOINT WARNING * * *
The eight-headed hydra bites you!
* * * LOW HITPOINT WARNING * * *
The eight-headed hydra bites you!
You die...
Your body rises from the dead as a mindless zombie.

..# ###
.....#.....##..
............#..
...............
...............
......(........
...............
......(.)......
......)@)....#
......†D....##
#####
...<....(..##
###...#
###...#(####
.....## #.###(#
##..## #.. #.##
##.## #.. #..##
#..### .. ##..#
..#....# ##.#


You could see an eight-headed hydra.

Vanquished Creatures
  The ghost of Mgcat the Cleaver, a journeyman DsBe of Trog (D:10)
  4 two-headed ogres
  Pikel (D:8)
  An ugly thing (D:10)
  2 trolls (D:9)
  2 hippogriffs (D:10)
  4 yaks
  Grum (D:8)
  A hungry ghost (D:8)
  Menkaure (D:7)
  Edmund (D:4)
  A water moccasin (D:7)
  4 porcupines (D:9)
  3 orc warriors
  2 ice beasts
  3 sky beasts
  A necrophage (D:9)
  5 phantoms
  5 ogres
  4 black bears
  2 wolves
  4 centaurs
  3 big kobolds
  Blork the orc (D:6)
  5 bullfrogs
  A wyvern zombie (D:11)
  3 scorpions
  4 killer bees (D:10)
  2 howler monkeys
  6 crimson imps
  A centaur zombie (Ossuary)
  4 orc priests
  2 bullfrog skeletons
  A gnoll shaman (D:5)
  6 hounds
  7 jellies
  A centaur skeleton (D:2)
  2 iguanas
  7 worker ants
  16 orc wizards
  2 killer bee zombies
  2 big kobold zombies (Ossuary)
  A hound skeleton (D:7)
  3 mummies (Ossuary)
  8 gnolls
  7 adders
  8 shadow imps
  An adder skeleton (D:8)
  4 worms
  6 leopard geckos
  33 orcs
  6 ball pythons
  6 giant cockroaches
  5 hobgoblins
  5 jackals
  17 kobolds
  3 quokkas
  8 bats
  5 frilled lizards
  2 gnoll zombies (Ossuary)
  9 goblins
  A hobgoblin zombie (Ossuary)
  A kobold zombie (Ossuary)
  An orc zombie (Ossuary)
  3 quokka zombies
  6 rats
  4 fungi (D:9)
282 creatures vanquished.

Vanquished Creatures (collateral kills)
  A jelly (D:11)
1 creature vanquished.

Vanquished Creatures (others)
  3 slaves (D:8)
  A wight (D:11)
  A centaur zombie (D:8)
  11 fungi (D:9)
  2 plants (D:9)
18 creatures vanquished.

Grand Total: 301 creatures vanquished

Notes
Turn   | Place    | Note
-------+----------+-------------------------------------------
     0 | D:1      | loralnil the Formicid Fighter began the quest for the Orb.
     0 | D:1      | Reached XP level 1. HP: 18/18 MP: 1/1
    29 | D:1      | Reached XP level 2. HP: 17/24 MP: 2/2
   444 | D:1      | Reached skill level 4 in Shields
   444 | D:1      | Reached XP level 3. HP: 25/29 MP: 3/3
   606 | D:2      | Found a radiant altar of Vehumet.
   751 | D:2      | Reached XP level 4. HP: 26/37 MP: 4/4
   835 | D:2      | Reached XP level 5. HP: 19/42 MP: 5/5
  1051 | D:2      | Found a deep blue altar of Sif Muna.
  1214 | D:2      | Found a hide-covered altar of Uskayaw.
  1256 | D:2      | Gained mutation: You are partially covered in rugged brown scales. (AC +1, +3% HP) [potion of mutation]
  1256 | D:2      | Gained mutation: You possess an exceptional clarity of mind. [potion of mutation]
  1256 | D:2      | Gained mutation: Your flesh is cold resistant. (rC+) [potion of mutation]
  1663 | D:3      | Found a hazy altar of Hepliaklqana.
  1791 | D:3      | Reached XP level 6. HP: 50/50 MP: 6/6
  1797 | D:3      | Reached skill level 5 in Shields
  2554 | D:4      | Found a bloodstained altar of Trog.
  2574 | D:4      | Reached XP level 7. HP: 43/56 MP: 7/7
  2667 | D:4      | Found an iron altar of Okawaru.
  2670 | D:4      | Reached skill level 5 in Armour
  2696 | D:4      | Noticed an air elemental
  2709 | D:4      | Reached skill level 5 in Fighting
  2711 | D:4      | Found a stormy altar of Qazlal.
  2778 | D:4      | Noticed a water elemental
  2780 | D:4      | Noticed a fire elemental
  2928 | D:4      | Noticed Edmund
  2944 | D:4      | Killed Edmund
  2955 | D:4      | Found a sacrificial altar of Ru.
  3076 | D:5      | Entered Level 5 of the Dungeon
  3132 | D:5      | Reached skill level 6 in Shields
  3157 | D:5      | Reached XP level 8. HP: 30/64 MP: 8/8
  3320 | D:5      | Found a snail-covered altar of Cheibriados.
  3525 | D:5      | Reached skill level 5 in Axes
  3658 | D:5      | Found a sand-covered staircase.
  3662 | Ossuary  | Entered an ossuary
  3720 | Ossuary  | Reached skill level 7 in Shields
  4008 | D:5      | Reached XP level 9. HP: 73/73 MP: 9/9
  4092 | D:5      | Found a staircase to the Ecumenical Temple.
  4101 | Temple   | Entered the Ecumenical Temple
  4144 | Temple   | Became a worshipper of Yredelemnul the Dark
  4466 | D:6      | Noticed Blork the orc
  4617 | D:6      | Killed Blork the orc
  4663 | D:6      | Found a sparkling altar of Nemelex Xobeh.
  5369 | D:6      | Reached skill level 8 in Shields
  5414 | D:6      | Found a shattered altar of Ashenzari.
  5684 | D:7      | Reached * piety under Yredelemnul
  6341 | D:7      | Noticed Menkaure
  6345 | D:7      | Killed Menkaure
  6538 | D:8      | Reached XP level 10. HP: 82/82 MP: 10/10
  7030 | D:8      | Noticed a two-headed ogre
  7042 | D:8      | Killed a two-headed ogre
  7042 | D:8      | Reached skill level 9 in Shields
  7112 | D:8      | Noticed Pikel
  7119 | D:8      | Noticed Grum
  7130 | D:8      | Killed Pikel
  7143 | D:8      | Killed Grum
  7333 | D:8      | Noticed a two-headed ogre
  7345 | D:8      | Killed a two-headed ogre
  7362 | D:8      | Found a burning altar of Makhleb.
  7507 | D:8      | Found an opulent altar of Gozag.
  7662 | D:9      | Reached skill level 10 in Shields
  7662 | D:9      | Reached XP level 11. HP: 31/91 MP: 11/11
  7668 | D:9      | Noticed a two-headed ogre
  7904 | D:9      | Killed a two-headed ogre
  8215 | D:9      | Reached ** piety under Yredelemnul
  8266 | D:10     | Entered Level 10 of the Dungeon
  8665 | D:9      | Found a staircase to the Lair.
  8692 | D:9      | Found a glowing silver altar of Zin.
  8721 | D:9      | Reached skill level 10 in Armour
  8722 | D:9      | Found a sacrificial altar of Ru.
  9078 | D:10     | Reached skill level 10 in Fighting
  9204 | D:10     | Noticed a red ugly thing
  9208 | D:10     | Reached *** piety under Yredelemnul
  9214 | D:10     | Killed a red ugly thing
  9214 | D:10     | Reached skill level 11 in Shields
  9880 | D:10     | Noticed a two-headed ogre
  9892 | D:10     | Killed a two-headed ogre
 10180 | D:10     | Found a white marble altar of Elyvilon.
 10189 | D:10     | Noticed Mgcat's ghost (journeyman DsBe)
 10211 | D:10     | Killed Mgcat's ghost
 10211 | D:10     | Reached XP level 12. HP: 67/100 MP: 12/12
 10516 | D:11     | Received a gift from Yredelemnul (a wight)
 10637 | D:11     | Noticed a four-headed hydra
 10649 | D:11     | HP: 5/101 [eight-headed hydra (10)]
 10649 | D:11     | Slain by an eight-headed hydra

Skill      XL: |  1  2  3  4  5  6  7  8  9 10 11 |
---------------+----------------------------------+-----
Shields        | 4 5 6 7 8 10 11 | 11.5
Fighting       | 4 5 6 7 9 10 | 10.6
Armour         | 4 5 6 7 9 10 | 10.7
Axes           | 3 4 5 6 8 9 |  9.5

Action                   |  1- 3 |  4- 6 |  7- 9 | 10-12 || total
-------------------------+-------+-------+-------+-------++-------
Melee: War axe           |    64 |   160 |   238 |       ||   462
       Battleaxe         |       |       |   121 |   345 ||   466
 Abil: Shaft Self        |       |       |       |     1 ||     1
  Use: Scroll            |       |     6 |     2 |    12 ||    20
       Potion            |       |     1 |     1 |     2 ||     4
 Stab: Invisible         |       |       |       |     3 ||     3
  Eat: Chunk             |       |     6 |    10 |    15 ||    31
       Ration            |       |       |     1 |     2 ||     3
Armor: Scale mail        |    41 |       |       |       ||    41
       Chain mail        |     4 |    87 |   132 |     2 ||   225
       Plate armour      |       |       |       |   178 ||   178
Dodge: Dodged            |    21 |    43 |   105 |   114 ||   283
Block: Shield            |    40 |   106 |   184 |   329 ||   659
